 Dungeon Crawl Stone Soup version 0.21.1-1-g345015f (webtiles) character file.

1859 inc the Slicer (level 9, -2/58 HPs)
             Began as an Octopode Wizard on Apr 29, 2018.
             Was an Initiate of Gozag.
             Shot with an arrow by a centaur (13 damage)
             ... on level 8 of the Dungeon.
             The game lasted 00:24:46 (10566 turns).

inc the Slicer (Octopode Wizard)                   Turns: 10566, Time: 00:24:47

Health: -2/58      AC:  1    Str:  6    XL:     9   Next: 13%
Magic:  1/13       EV: 13    Int: 23    God:    Gozag
Gold:   536        SH:  5    Dex: 11    Spells: 10/14 levels left

rFire    . . .     SeeInvis .   i - +1 dagger (speed)
rCold    . . .     Gourm    .   r - +0 buckler
rNeg     . . .     Faith    .   a - +0 hat
rPois    .         Spirit   .   (no amulet)
rElec    .         Reflect  .   l - ring of protection from magic
rCorr    .         Harm     .   q - ring of protection from magic
MR       ++...                  (no ring)
Stlth    +++.......             z - ring of flight
HPRegen  0.19/turn              (no ring)
MPRegen  0.13/turn              (no ring)
                                (no ring)
                                (no ring)

@: no status effects
A: almost no armour, stealthy swim, amphibious, 8 rings, constrict 8, camouflage
1, blurry vision 1, mutation resistance 1, robust 1, gelatinous body 1
a: Potion Petition, Call Merchant, Bribe Branch, Renounce Religion, Evoke Flight


You were on level 8 of the Dungeon.
You worshipped Gozag.
Gozag was pleased with you.
You were not hungry.

You visited 2 branches of the dungeon, and saw 9 of its levels.
You also visited: Sewer.

You collected 1026 gold pieces.
You paid 490 gold pieces to Gozag.

Inventory:

Hand Weapons
 g - a +0 short sword
 i - a +1 dagger of speed (weapon)
 t - a +0 dagger of speed
Armour
 a - a +0 hat (worn)
 r - a +0 buckler (worn)
Jewellery
 e - an uncursed ring of loudness
 l - a ring of protection from magic (left tentacle)
 q - a ring of protection from magic (right tentacle)
 z - a ring of flight (on tentacle)
Wands
 n - a wand of acid (7)
 p - a wand of digging (9)
 E - a wand of random effects (34)
Scrolls
 f - 3 scrolls of remove curse
 j - 3 scrolls of immolation
 v - 5 scrolls of teleportation
 y - a scroll of enchant armour {unknown}
 A - a scroll of blinking {unknown}
 B - 3 scrolls of magic mapping
 C - 2 scrolls of noise {unknown}
 F - a scroll of fear {unknown}
Potions
 k - 5 potions of curing
 m - 3 potions of flight
 o - 3 potions of ambrosia
 s - a potion of invisibility
 u - a potion of brilliance {unknown}
 w - 2 potions of degeneration
 x - a potion of might
Books
 b - a book of Minor Magic

   Spells                             Type                      Level
   a - Magic Dart                     Conjuration                  1
   b - Blink                          Translocation                2
   c - Call Imp                       Summoning                    2
   d - Slow                           Hexes                        2
   e - Conjure Flame                  Conjuration/Fire             3
   f - Mephitic Cloud                 Conjuration/Poison/Air       3
 D - a book of Misfortune

   Spells                             Type                      Level
   a - Confusing Touch                Hexes                        1
   b - Confuse                        Hexes                        3
   c - Gell's Gravitas                Translocation                3
   d - Petrify                        Transmutation/Earth          4
   e - Metabolic Englaciation         Hexes/Ice                    5
   f - Yara's Violent Unravelling     Hexes/Transmutation          5
Comestibles
 c - a ration


   Skills:
 - Level 1.1 Fighting
 + Level 9.2 Short Blades
 - Level 2.0 Dodging
 - Level 2.6 Stealth
 - Level 5.6 Shields
 - Level 3.0 Spellcasting
 - Level 3.4 Conjurations
   Level 1.0 Summonings
 - Level 1.0 Translocations


You had 10 spell levels left.
You knew the following spells:

 Your Spells              Type           Power        Failure   Level  Hunger
a - Magic Dart            Conj           ###.         2%          1    None
b - Confusing Touch       Hex            #.....       12%         1    None
c - Blink                 Tloc           N/A          12%         2    ##.....


Dungeon Overview and Level Annotations

Branches:
Dungeon (8/15)             Temple (1/1) D:4
   Lair: D:8-11

Altars:
Ashenzari
Cheibriados
Elyvilon
Fedhas
Gozag
Hepliaklqana
Kikubaaqudgha
Makhleb
Nemelex Xobeh
Okawaru
Trog
Uskayaw
Vehumet
Wu Jian
Yredelemnul
Zin
The Shining One

Shops:
D:6 :

Annotations:
D:3 Verendum's ghost, amateur MiMo
D:6 salinator123's ghost, novice MiBe
D:7 shugdite's ghost, novice MiFi


Innate Abilities, Weirdness & Mutations

You cannot wear most types of armour.
You are very stealthy in the water. (Stealth+)
You are amphibious.
You can wear up to eight rings at the same time.
You can use your tentacles to constrict eight enemies at once.
Your skin changes colour to match your surroundings (Stealth+).
Your rubbery body absorbs attacks. (AC +1, EV +1)
Scrolls take you a little longer to read.
You are somewhat resistant to further mutation.
You are robust. (+10% HP)


Message History

* * * LOW HITPOINT WARNING * * *
You feel better.
You constrict the gnoll sergeant, but do no damage.
The gnoll hits you from afar with a spear!
* * * LOW HITPOINT WARNING * * *
The gnoll sergeant hits you with a spear!
* * * LOW HITPOINT WARNING * * *
Casting: Magic Dart
Confirm with . or Enter, or press ? or * to list all spells.
You blink.
You lose your grip on something.
There is a stone staircase leading down here.
You climb downwards.
A centaur and 3 howler monkeys come into view.
Found a leather armour and a scroll of identify.
Found a stone staircase leading up.
There is a stone staircase leading up here.
There is a stone staircase leading up here.
The centaur wields a shortbow.
The centaur shoots an arrow.
The arrow hits you!
You die...
Your body crumbles into a pile of gold.

##### #...#
#...# #@..#
#...#
.##.###...#
.......<..#
..h.h.....#
......c...#
.?h...[...#
..........#
..#########


You could see a centaur.

Vanquished Creatures
  A hungry ghost (D:7)
  An orc warrior (D:7)
  2 ice beasts (D:5)
  An ogre (D:6)
  A phantom (D:7)
  A centaur (D:7)
  2 bullfrogs (D:6)
  A howler monkey (D:6)
  3 crimson imps
  2 jellies
  2 orc priests
  3 hounds
  A bullfrog skeleton (D:6)
  Jessica (D:2)
  3 worker ants
  3 orc wizards
  2 hound zombies
  A hound skeleton (D:4)
  Robin (D:3)
  A howler monkey skeleton (D:6)
  2 worker ant zombies (D:5)
  11 adders
  5 gnolls
  4 river rats (Sewer)
  3 shadow imps
  An adder skeleton (D:4)
  5 worms
  5 dart slugs
  3 leopard geckos
  20 orcs
  11 bats
  8 giant cockroaches
  22 goblins
  13 hobgoblins
  10 jackals
  28 kobolds
  6 quokkas
  4 ball pythons
  3 frilled lizards
  26 rats
223 creatures vanquished.

Notes
Turn   | Place    | Note
-------+----------+-------------------------------------------
     0 | D:1      | inc the Octopode Wizard began the quest for the Orb.
     0 | D:1      | Reached XP level 1. HP: 11/11 MP: 4/4
    26 | D:1      | Reached XP level 2. HP: 15/17 MP: 0/6
   469 | D:1      | Reached XP level 3. HP: 21/21 MP: 0/7
  1435 | D:2      | Reached skill level 1 in Fighting
  1435 | D:2      | Reached XP level 4. HP: 21/28 MP: 3/8
  1489 | D:2      | Reached skill level 1 in Short Blades
  2193 | D:2      | Noticed Jessica
  2211 | D:2      | Killed Jessica
  2211 | D:2      | Reached skill level 2 in Short Blades
  2485 | D:3      | Reached XP level 5. HP: 24/33 MP: 9/9
  2529 | D:3      | Noticed Verendum's ghost (amateur MiMo)
  3076 | D:3      | Noticed Robin
  3094 | D:3      | Reached skill level 3 in Short Blades
  4157 | D:4      | Reached XP level 6. HP: 37/38 MP: 4/10
  4286 | D:4      | Reached skill level 1 in Shields
  4806 | D:4      | Found a staircase to the Ecumenical Temple.
  4815 | Temple   | Entered the Ecumenical Temple
  5064 | Temple   | Became a worshipper of Gozag Ym Sagoz the Greedy
  5713 | D:3      | Killed Robin
  6341 | D:5      | Entered Level 5 of the Dungeon
  6347 | D:5      | Noticed an ice beast
  6352 | D:5      | Noticed an ice beast
  6362 | D:5      | Gained mutation: You are robust. (+10% HP) [potion of mutation]
  6362 | D:5      | Gained mutation: Scrolls take you a little longer to read. [potion of mutation]
  6362 | D:5      | Gained mutation: You are somewhat resistant to further mutation. [potion of mutation]
  6369 | D:5      | Killed an ice beast
  6369 | D:5      | Reached XP level 7. HP: 8/47 MP: 9/11
  6376 | D:5      | Reached skill level 5 in Shields
  6605 | D:5      | Found an ancient bone altar of Kikubaaqudgha.
  6617 | D:5      | Found a glowing drain.
  6827 | Sewer    | Entered a sewer
  7034 | Sewer    | Reached skill level 4 in Short Blades
  7911 | D:5      | Reached skill level 5 in Short Blades
  8063 | D:5      | Reached XP level 8. HP: 30/52 MP: 12/12
  8616 | D:3      | Learned a level 1 spell: Confusing Touch
  8655 | D:3      | Learned a level 2 spell: Blink
  8906 | D:6      | Found a snail-covered altar of Cheibriados.
  8967 | D:6      | Reached skill level 6 in Short Blades
  9182 | D:6      | Reached skill level 7 in Short Blades
  9486 | D:6      | Noticed salinator123's ghost (novice MiBe)
  9521 | D:7      | Noticed shugdite's ghost (novice MiFi)
  9689 | D:7      | Reached skill level 8 in Short Blades
  9902 | D:7      | Reached XP level 9. HP: 28/58 MP: 8/13
 10234 | D:7      | Reached skill level 9 in Short Blades
 10481 | D:7      | Found a sparkling altar of Nemelex Xobeh.
 10566 | D:8      | Shot with an arrow by a centaur

Skill      XL: |  1  2  3  4  5  6  7  8  9 |
---------------+----------------------------+-----
Conjurations   | 2 3 |  3.4
Fighting       | 1 |  1.1
Short Blades   | 2 3 5 8 9 |  9.2
Shields        | 4 5 |  5.6
Dodging        | |  2.0
Stealth        | |  2.6
Spellcasting   | |  3.0
Summonings     | |  1.0
Translocations | |  1.0

Action                   |  1- 3 |  4- 6 |  7- 9 || total
-------------------------+-------+-------+-------++-------
Melee: Unarmed           |    25 |       |       ||    25
       Constrict         |    15 |    33 |    67 ||   115
       Tentacles         |     8 |    35 |    65 ||   108
       Short sword       |    10 |       |       ||    10
       Dagger            |    40 |   226 |   487 ||   753
 Cast: Magic Dart        |    49 |   110 |   103 ||   262
       Confusing Touch   |       |       |     3 ||     3
       Blink             |       |       |     4 ||     4
Invok: Call Merchant     |       |       |     1 ||     1
  Use: Scroll            |       |     6 |     6 ||    12
       Potion            |       |     3 |     6 ||     9
 Stab: Sleeping          |     2 |    13 |     6 ||    21
  Eat: Chunk             |     2 |     4 |       ||     6
       Ration            |       |     3 |     5 ||     8
Armor: Skin              |     3 |    20 |    11 ||    34
Dodge: Dodged            |    48 |   126 |   159 ||   333
Block: Buckler           |       |    16 |    62 ||    78
